[Event "Early-Titled-Tuesday-Blitz-May-28-2024"]
[Site "Chess.com"]
[Date "2024.05.28"]
[Round "9"]
[White "xasid81"]
[Black "Louis-Paulsen-Fan"]
[Result "1-0"]
[WhiteElo "2594"]
[BlackElo "2331"]
[TimeControl "180+1"]
[EndTime "9:45:44 PDT"]
[Termination "xasid81 won by checkmate"]

1. a3 d5 2. b4 e5 3. Bb2 Bd6 4. e3 Nf6 5. c4 c6 6. cxd5 cxd5 7. Nf3 Qe7 8. Bb5+ Nc6 9. d4 e4 10. Ne5 Bd7 11. Nxd7 Qxd7 12. Nc3 O-O 13. O-O Rac8 14. Rc1 Bb8 15. f3 Qd6 16. g3 exf3 17. Qxf3 Rfe8 18.
Rce1 Re7 19. Bd3 Rce8 20. Nb5 Qd8 21. Nc3 Nxd4 22. Qd1 Ne6 23. Rxf6 gxf6 24. Nxd5 Be5 25. Bxe5 fxe5 26. Qh5 Nf8 27. Nf6+ Kg7 28. Qg5+ Ng6 29.
Nh5+ Kg8 30. Qf6 Qxd3 31. Qg7# 1-0

[Event "Early-Titled-Tuesday-Blitz-May-28-2024"]
[Site "Chess.com"]
[Date "2024.05.28"]
[Round "9"]
[White "MrLion3000"]
[Black "edgarhay012"]
[Result "1-0"]
[WhiteElo "2792"]
[BlackElo "2634"]
[TimeControl "180+1"]
[EndTime "9:45:46 PDT"]
[Termination "MrLion3000 won by resignation"]

1. e4 c5 2. Nf3 e6 3. d3 Nc6 4. g3 g6 5. Bg2 Bg7 6. c3 Nge7 7. d4 cxd4 8. cxd4 O-O 9. Nc3 d5 10. e5 b5 11. Nxb5 Ba6 12. Nc3 f6 13. exf6 Bxf6 14. Ne2 Nf5 15. O-O Qb6 16. Re1 Nfxd4 17. Nexd4 Nxd4 18. Bh6 Nxf3+ 19. Bxf3 Rf7 20. Rxe6 Qxe6 21.
Bxd5 Qe8 22. Qf3 Bd4 23. Bxf7+ 1-0

[Event "Early-Titled-Tuesday-Blitz-May-28-2024"]
[Site "Chess.com"]
[Date "2024.05.28"]
[Round "9"]
[White "RandomNoob04"]
[Black "Vesper2018"]
[Result "1-0"]
[WhiteElo "2776"]
[BlackElo "2580"]
[TimeControl "180+1"]
[EndTime "9:45:47 PDT"]
[Termination "RandomNoob04 won on time"]

1. e4 c5 2. d4 cxd4 3. c3 dxc3 4. Nxc3 Nc6 5. Nf3 e6 6. Bc4 a6 7. O-O Nge7 8. Bg5 h6 9. Be3 Ng6 10. Nd4 Be7 11. Nf5 exf5 12. Nd5 Bd6 13. exf5 Nge5 14. Bb3 O-O 15. f6 Re8 16. Bb6 Bf8 17. Bxd8 Rxd8 18.
fxg7 Bxg7 19. Re1 d6 20. Nb6 Rb8 21. Nxc8 Rbxc8 22. Qh5 Nd4 23. Rad1 Nxb3 24. axb3 Rc5 25. Qh4 Rd7 26. Qg3 b5 27. b4 Rcc7 28. h4 h5 29. f4 Ng6 30. f5 Be5 31. Rxe5 dxe5 32.
Rxd7 Rxd7 33. fxg6 1-0

[Event "Early-Titled-Tuesday-Blitz-May-28-2024"]
[Site "Chess.com"]
[Date "2024.05.28"]
[Round "9"]
[White "Gryffindorac8"]
[Black "dmosesov"]
[Result "0-1"]
[WhiteElo "2476"]
[BlackElo "2661"]
[TimeControl "180+1"]
[EndTime "9:45:47 PDT"]
[Termination "dmosesov won by resignation"]

1. d4 Nf6 2. c4 c5 3. d5 e6 4. Nc3 exd5 5. cxd5 d6 6. Nf3 g6 7. h3 Bg7 8. e4 O-O 9. Be3 b6 10. Be2 Ba6 11. Bxa6 Nxa6 12. O-O Re8 13. Nd2 Nc7 14. a4 a6 15. Qe2 Rb8 16. Rab1 Nd7 17.
Nc4 Ne5 18. Nxe5 Bxe5 19. Qd3 b5 20. axb5 Nxb5 21. Nxb5 Rxb5 22. b3 Qa5 23. Bd2 Qa2 24. f4 Bd4+ 25. Be3 Rb4 26. Rfe1 Bxe3+ 27. Rxe3 Rd4 28.
Qc3 Qxb1+ 0-1

[Event "Early-Titled-Tuesday-Blitz-May-28-2024"]
[Site "Chess.com"]
[Date "2024.05.28"]
[Round "9"]
[White "secrethawk1"]
[Black "sammartin99"]
[Result "1-0"]
[WhiteElo "2416"]
[BlackElo "2293"]
[TimeControl "180+1"]
[EndTime "9:45:50 PDT"]
[Termination "secrethawk1 won on time"]

1. d4 Nf6 2. Bf4 d6 3. e3 g6 4.
Nf3 Bg7 5. Be2 O-O 6. h3 c5 7. c3 b6 8. O-O Bb7 9. Nbd2 Nc6 10. a4 a6 11. Bh2 Ra7 12. Qb3 Na5 13. Qc2 Qa8 14. Rfe1 Rc8 15. Bd3 Nc6 16. Qb3 Nd7 17.
Nc4 Na5 18. Nxa5 bxa5 19. Bc4 Rf8 20. Be2 Bd5 21. Qc2 Rb8 22. c4 Be4 23. Qd2 Rb4 24. Qc3 Qb8 25. Ra2 Rb3 26. Qxa5 Rab7 27. Nd2 1-0

[Event "Early-Titled-Tuesday-Blitz-May-28-2024"]
[Site "Chess.com"]
[Date "2024.05.28"]
[Round "9"]
[White "Irina_Mikhaylova"]
[Black "Likvidator228"]
[Result "0-1"]
[WhiteElo "2350"]
[BlackElo "2523"]
[TimeControl "180+1"]
[EndTime "9:45:54 PDT"]
[Termination "Likvidator228 won by resignation"]

1. d4 f5 2. Nf3 Nf6 3. g3 g6 4. Bg2 Bg7 5. O-O O-O 6. b3 d6 7. Bb2 Ng4 8. Re1 Nc6 9. Nbd2 e5 10. dxe5 dxe5 11. e4 f4 12. Nc4 Nd4 13. h3 Nxf3+ 14.
Bxf3 Qxd1 15. Raxd1 Nh6 16. Kg2 Nf7 17. Bg4 Bxg4 18.
hxg4 fxg3 19. Kxg3 Rad8 20. Ne3 c6 21. Rxd8 Rxd8 22.
Rd1 Rxd1 23. Nxd1 Bh6 24. f3 Bf4+ 25. Kf2 h5 26. gxh5 gxh5 27. Nc3 Kh7 28. Ne2 Bg5 29. Bc1 Bxc1 30. Nxc1 Kg6 31. Nd3 Kf6 32. Kg3 Kg5 33.
Nc5 h4+ 34. Kf2 b6 35. Ne6+ Kf6 36. Nf8 Ng5 37. Nd7+ Ke6 38. Nb8 Kd6 39. c4 a5 40.
a3 Kc7 41. Na6+ Kb7 0-1

[Event "Early-Titled-Tuesday-Blitz-May-28-2024"]
[Site "Chess.com"]
[Date "2024.05.28"]
[Round "9"]
[White "amanjazu"]
[Black "Dolphin_2010"]
[Result "1-0"]
[WhiteElo "2584"]
[BlackElo "2748"]
[TimeControl "180+1"]
[EndTime "9:46:00 PDT"]
[Termination "amanjazu won by resignation"]

1. e4 c6 2. d4 d5 3. exd5 cxd5 4. c4 Nf6 5. Nc3 g6 6. cxd5 Nxd5 7. Bc4 Nb6 8. Bb3 Bg7 9. Nf3 O-O 10. O-O Nc6 11.
Be3 Bg4 12. h3 Bxf3 13. Qxf3 Bxd4 14. Rad1 e5 15. Ne4 Kg7 16. Rfe1 h6 17. Nc5 Qc7 18. Ne4 Bxe3 19. Qf6+ Kh7 20. fxe3 Qe7 21. Rf1 Qxf6 22. Rxf6 Rad8 23. Rdf1 Rd7 24. Bxf7 Kh8 25. Bxg6 Rxf6 26. Rxf6 Kg7 27. Bf5 Rf7 28. Rg6+ Kh7 29. Nf6+ Rxf6 30. Rxf6+ Kg7 31. Rg6+ Kf7 1-0

[Event "Early-Titled-Tuesday-Blitz-May-28-2024"]
[Site "Chess.com"]
[Date "2024.05.28"]
[Round "9"]
[White "briesmas"]
[Black "luachess1"]
[Result "0-1"]
[WhiteElo "2372"]
[BlackElo "1810"]
[TimeControl "180+1"]
[EndTime "9:46:00 PDT"]
[Termination "luachess1 won on time"]

1. e4 c5 2. Nf3 Nc6 3. d4 cxd4 4. Nxd4 g6 5. Nc3 Bg7 6. Be3 d6 7. f3 Nf6 8. Qd2 Bd7 9. O-O-O a6 10. g4 b5 11. g5 Nh5 12. h4 Rc8 13. Bh3 Bxh3 14. Rxh3 Ne5 15. f4 Nc4 16. Qf2 Qa5 17. Rd3 b4 18. Nd5 Qxa2 19. Nb3 Qxb2+ 20. Kd1 Qb1+ 21. Nc1 Nb2+ 22. Ke2 Nxd3 23. cxd3 Rc2+ 24. Bd2 Qxc1 25. Qe3 Bc3 26. Nxc3 bxc3 0-1

[Event "Early-Titled-Tuesday-Blitz-May-28-2024"]
[Site "Chess.com"]
[Date "2024.05.28"]
[Round "9"]
[White "Sl4werThanYou"]
[Black "Blitz_Lover1"]
[Result "1-0"]
[WhiteElo "2739"]
[BlackElo "2556"]
[TimeControl "180+1"]
[EndTime "9:46:01 PDT"]
[Termination "Sl4werThanYou won on time"]

1. e4 c6 2. d4 d5 3. Nc3 dxe4 4. Nxe4 Nf6 5. Nxf6+ exf6 6. c3 Bd6 7. Bd3 O-O 8. Qc2 Re8+ 9. Ne2 h5 10. O-O h4 11.
Nf4 Nd7 12. Qd1 g6 13. Nxg6 fxg6 14. Bxg6 Re7 15. Qh5 Nf8 16. Bh6 Bd7 17. Rae1 Be8 18. Bxf8 Bxg6 19. Qxg6+ Kxf8 20. Qxf6+ Kg8 21. Qxh4 Rg7 22.
Qxd8+ Rxd8 23. Re6 Bc7 24. Rfe1 Rd5 25. g3 Rf5 26. Kg2 Rgf7 27. f4 Rh5 28. R1e4 Bb6 29. h4 c5 30. R4e5 Rxe5 31. dxe5 Rd7 32. Kf3 Rd2 33.
h5 Rxb2 34. h6 Rh2 35. g4 Rh3+ 36. Ke4 Bd8 37. g5 Kf7 38. Rd6 Be7 39. Rd7 Ke6 40. Rxb7 Rh4 41. h7 Rxh7 42. f5+ Kf7 43. g6+ Kf8 44. gxh7 Bf6 45. exf6 1-0

[Event "Early-Titled-Tuesday-Blitz-May-28-2024"]
[Site "Chess.com"]
[Date "2024.05.28"]
[Round "9"]
[White "Mesa_1"]
[Black "GM_Huschenbeth"]
[Result "0-1"]
[WhiteElo "2571"]
[BlackElo "2503"]
[TimeControl "180+1"]
[EndTime "9:46:01 PDT"]
[Termination "GM_Huschenbeth won by resignation"]

1. e4 c5 2. Nf3 d6 3. d4 cxd4 4. Nxd4 Nf6 5. Nc3 a6 6. Bg5 Nbd7 7. Bc4 Qb6 8. Bb3 e6 9. Bxf6 Nxf6 10. Qd2 Nd7 11.
O-O-O Nc5 12. f4 Bd7 13. g4 O-O-O 14. g5 Kb8 15. Rhf1 h6 16. h4 Rc8 17. Kb1 hxg5 18.
hxg5 Rh3 19. Nde2 Bc6 20. Qd4 Qc7 21. e5 dxe5 22. fxe5 Rf3 23. Rxf3 Bxf3 24. Qf2 Bh5 25. Qh2 Bg6 26. Qf4 b5 27. a3 Nxb3 0-1

[Event "Early-Titled-Tuesday-Blitz-May-28-2024"]
[Site "Chess.com"]
[Date "2024.05.28"]
[Round "9"]
[White "CristianS27"]
[Black "Goryachkina"]
[Result "1-0"]
[WhiteElo "2549"]
[BlackElo "2677"]
[TimeControl "180+1"]
[EndTime "9:46:04 PDT"]
[Termination "CristianS27 won by resignation"]

1. e4 c5 2. Nf3 Nc6 3. d4 cxd4 4. Nxd4 e6 5. Nc3 Bc5 6. Nxc6 bxc6 7. Bd3 d5 8. O-O Ne7 9. b3 O-O 10. Bb2 Ng6 11.
Na4 Bd6 12. exd5 exd5 13. Qh5 Qc7 14. Rfe1 h6 15. g3 Bd7 16. c4 Rad8 17. c5 Be7 18. Bxg6 fxg6 19. Rxe7 Rf7 20. Qe5 Qxe5 21. Rxe5 Bh3 22. Rae1 g5 23. Bd4 Rdd7 24. Nb2 a5 25. Nd3 Rf3 26. R1e3 Rff7 27. Re8+ Kh7 28. Ne5 1-0

[Event "Early-Titled-Tuesday-Blitz-May-28-2024"]
[Site "Chess.com"]
[Date "2024.05.28"]
[Round "9"]
[White "remyrushbrooke"]
[Black "Naruto75_3"]
[Result "0-1"]
[WhiteElo "2279"]
[BlackElo "2410"]
[TimeControl "180+1"]
[EndTime "9:46:06 PDT"]
[Termination "Naruto75_3 won by resignation"]

1. d4 d5 2. Nc3 c5 3. e4 dxe4 4. d5 Nf6 5. f3 exf3 6. Nxf3 a6 7.
a4 g6 8. Bc4 Bg7 9. O-O Nbd7 10.
a5 O-O 11. Bf4 b5 12. axb6 Nxb6 13. Ba2 Bb7 14. d6 e6 15. Be3 Rc8 16. Qd2 Nbd5 17. Nxd5 Nxd5 18. Bg5 f6 19. Bf4 Kh8 20. Rfe1 Nxf4 21.
Qxf4 e5 22. Qg3 Qxd6 23. Nh4 f5 24. Rad1 Qf6 25. Rxe5 Rcd8 26. Rde1 Be4 27. Re6 Qd4+ 28. Kh1 Bf6 29. Nxg6+ hxg6 30. Qxg6 Qd2 31. Qh6+ Qxh6 0-1

[Event "Early-Titled-Tuesday-Blitz-May-28-2024"]
[Site "Chess.com"]
[Date "2024.05.28"]
[Round "9"]
[White "maximnovik"]
[Black "GianmarcoVaR"]
[Result "1-0"]
[WhiteElo "2555"]
[BlackElo "2711"]
[TimeControl "180+1"]
[EndTime "9:46:09 PDT"]
[Termination "maximnovik won by checkmate"]

1. e4 c5 2. Nf3 d6 3. c3 Nf6 4. h3 g6 5. Bd3 Bg7 6. O-O O-O 7. Bc2 e5 8. d4 cxd4 9. cxd4 exd4 10. Nxd4 Nc6 11.
Nxc6 bxc6 12. Nc3 Re8 13. Bf4 d5 14. Qf3 Be6 15. Rad1 Qb6 16. b3 Qa6 17. Be5 Nxe4 18. Bxg7 Kxg7 19. Bxe4 dxe4 20. Nxe4 Bd5 21. Qc3+ Kg8 22.
Nf6+ Kf8 23. Nxh7+ Kg8 24. Nf6+ Kf8 25. Nxe8 Rxe8 26.
Qh8+ Ke7 27. Rfe1+ Be6 28. Qh4+ Kf8 29. Qh8+ Ke7 30.
Rxe6+ fxe6 31. Qg7# 1-0

[Event "Early-Titled-Tuesday-Blitz-May-28-2024"]
[Site "Chess.com"]
[Date "2024.05.28"]
[Round "9"]
[White "Stanbad1"]
[Black "pirulillo"]
[Result "1-0"]
[WhiteElo "2640"]
[BlackElo "2399"]
[TimeControl "180+1"]
[EndTime "9:46:09 PDT"]
[Termination "Stanbad1 won by checkmate"]

1. d4 Nf6 2. Nc3 d5 3. Bf4 g6 4. e3 Bg7 5. h4 h5 6. Nf3 a6 7.
Ne5 O-O 8. Qd2 c5 9. dxc5 Qa5 10. a3 Qxc5 11. Na4 Qa7 12. Qb4 b5 13. Nc5 Bf5 14.
a4 Rc8 15. Nb3 bxa4 16. Nd4 a5 17. Qxa4 Ne4 18. Nxf5 gxf5 19. Bd3 Qb6 20. O-O Nc6 21. Nxc6 Rxc6 22. Ra2 e5 23. Bh2 Bf6 24. Kh1 Bxh4 25. Bxe5 Rg6 26. f3 Qxe3 27. fxe4 fxe4 28. Qd7 exd3 29.
Qxf7# 1-0

[Event "Early-Titled-Tuesday-Blitz-May-28-2024"]
[Site "Chess.com"]
[Date "2024.05.28"]
[Round "9"]
[White "RespectfulDaveOnYouTube"]
[Black "SharapovEvgeny"]
[Result "0-1"]
[WhiteElo "2489"]
[BlackElo "2615"]
[TimeControl "180+1"]
[EndTime "9:46:09 PDT"]
[Termination "SharapovEvgeny won by resignation"]

1. e4 c5 2. d4 cxd4 3. c3 Nf6 4.
e5 Nd5 5. Bc4 Nb6 6. Bb3 d5 7.
cxd4 Bf5 8. h4 h6 9. Bc2 Bxc2 10.
Qxc2 Nc6 11. Ne2 e6 12. Nbc3 Be7 13. Rh3 Bxh4 14. Kf1 Be7 15. Qd3 Qd7 16. a3 O-O-O 17. b4 Kb8 18. Bf4 Nc4 19. Rc1 Ka8 20. Nb5 a6 21.
Nd6 Nxd6 22. exd6 Bxd6 23. b5 axb5 24. Qxb5 Bxf4 25. Nxf4 Nxd4 26. Qa5+ Kb8 27. Rhc3 Rc8 28. Nd3 Qb5 29. Rxc8+ Rxc8 30. Rxc8+ Kxc8 31. Qc3+ Qc4 32. Qd2 Nb3 33. Qe2 Nc1 34. Nxc1 Qxc1+ 35. Qe1 Qxe1+ 36. Kxe1 Kc7 37. Kd2 Kc6 38. Kd3 e5 39. f3 f5 0-1

[Event "Early-Titled-Tuesday-Blitz-May-28-2024"]
[Site "Chess.com"]
[Date "2024.05.28"]
[Round "9"]
[White "scarabee43"]
[Black "MITerryble"]
[Result "0-1"]
[WhiteElo "2835"]
[BlackElo "3022"]
[TimeControl "180+1"]
[EndTime "9:46:11 PDT"]
[Termination "MITerryble won by resignation"]

1. Nf3 d5 2. e3 Nf6 3. b3 Bg4 4. Bb2 Nbd7 5. Be2 c6 6. O-O e6 7.
d3 Bd6 8. Nbd2 O-O 9. c4 e5 10. Qc2 Qe7 11. e4 dxe4 12. Nxe4 Nxe4 13. dxe4 Ba3 14.
Bc3 Rad8 15. Rad1 f6 16. Rd2 Bb4 17. Rfd1 Bxc3 18. Qxc3 Nc5 19. Qe3 b6 20. Ne1 Bc8 21. Nc2 Rxd2 22. Rxd2 Rd8 23. f3 Ne6 24. Kf1 Kf7 25. Ke1 h5 26. g3 g5 27. h4 gxh4 28. f4 Rxd2 29. Bxh5+ Kg7 30. Kxd2 exf4 31. gxf4 Qd6+ 32.
Kc3 Qxf4 33. Qg1+ Qg5 34. Qd1 Qe5+ 35. Kd2 Qxe4 36. Qg4+ Qxg4 37. Bxg4 Kg6 38. Ne3 Kg5 39.
Ke1 Bd7 40. Kf2 Nc5 41. Bf3 Nd3+ 42. Ke2 Nc1+ 43. Kd2 Nxa2 44. Nc2 c5 45. Ne3 Nb4 46. Kc3 Kf4 0-1

[Event "Early-Titled-Tuesday-Blitz-May-28-2024"]
[Site "Chess.com"]
[Date "2024.05.28"]
[Round "9"]
[White "Nf3c5"]
[Black "NikFil2013"]
[Result "1-0"]
[WhiteElo "2571"]
[BlackElo "2464"]
[TimeControl "180+1"]
[EndTime "9:46:11 PDT"]
[Termination "Nf3c5 won on time"]

1. e4 c5 2. Nc3 d6 3. d4 cxd4 4.
Qxd4 Nc6 5. Qd2 Nf6 6. b3 e6 7.
Bb2 Be7 8. O-O-O O-O 9. f4 a6 10. Nf3 Qc7 11. g4 b5 12. g5 Nh5 13. Kb1 Bb7 14. Rg1 Rfd8 15. f5 exf5 16. Nd5 Qd7 17.
Nf6+ Bxf6 18. gxf6 Qe6 19. Rxg7+ Nxg7 20. Qg5 Kf8 21. Qxg7+ Ke8 22. exf5 Qxf5 23. Bh3 1-0

[Event "Early-Titled-Tuesday-Blitz-May-28-2024"]
[Site "Chess.com"]
[Date "2024.05.28"]
[Round "9"]
[White "DanielNaroditsky"]
[Black "ckgchess"]
[Result "1-0"]
[WhiteElo "3065"]
[BlackElo "2888"]
[TimeControl "180+1"]
[EndTime "9:46:13 PDT"]
[Termination "DanielNaroditsky won on time"]

1. e4 c5 2. c3 Nf6 3. e5 Nd5 4. Nf3 d6 5. Bc4 Nb6 6. e6 Nxc4 7. Qa4+ Nc6 8. exf7+ Kxf7 9. Qxc4+ e6 10. O-O Qf6 11.
d4 d5 12. Qe2 cxd4 13. Bg5 Qf5 14. cxd4 Bd6 15. Bh4 Rf8 16. Nc3 Kg8 17. Bg3 Bxg3 18. fxg3 Qg4 19. Qe3 Bd7 20. Ne2 Rf6 21. Nf4 Raf8 22.
Rae1 h6 23. Nd3 b6 24. b4 Be8 25. a3 Bg6 26. Nf2 Qf5 27. Rc1 Ne7 28. Rc7 Nc8 29.
g4 Qf4 30. Qxf4 Rxf4 31. Ne5 Be4 32. g3 R4f6 33. Nd7 R6f7 34. Nxf8 Rxc7 35. Nxe6 Rc3 36.
Nxe4 dxe4 37. Rf8+ Kh7 38. Rd8 e3 39. Kf1 Ne7 40.
Ke2 Rxa3 41. d5 Ng6 42. d6 Ne5 43. Nf8+ 1-0

[Event "Early-Titled-Tuesday-Blitz-May-28-2024"]
[Site "Chess.com"]
[Date "2024.05.28"]
[Round "9"]
[White "janhelmer03"]
[Black "SoyuzTM4"]
[Result "1-0"]
[WhiteElo "2396"]
[BlackElo "2228"]
[TimeControl "180+1"]
[EndTime "9:46:16 PDT"]
[Termination "janhelmer03 won by checkmate"]

1. Nf3 Nf6 2. c4 g6 3. Nc3 Bg7 4. e4 d6 5. d4 O-O 6. Be2 c5 7. O-O cxd4 8. Nxd4 Nc6 9. Be3 Bd7 10. Nb3 Rc8 11. f3 a6 12. Nd2 Ne5 13. Rc1 Be6 14.
b3 Qa5 15. a4 Ned7 16. Nd5 Bxd5 17. exd5 e5 18. Ne4 Nxe4 19. fxe4 f5 20. exf5 gxf5 21. Bd3 e4 22. Bb1 Qb4 23. g4 fxg4 24. Qxg4 Ne5 25. Qxe4 Qxb3 26. Qxh7# 1-0

[Event "Early-Titled-Tuesday-Blitz-May-28-2024"]
[Site "Chess.com"]
[Date "2024.05.28"]
[Round "9"]
[White "baki83"]
[Black "lachesisQ"]
[Result "1-0"]
[WhiteElo "2928"]
[BlackElo "3080"]
[TimeControl "180+1"]
[EndTime "9:46:18 PDT"]
[Termination "baki83 won by checkmate"]

1. e4 c5 2. Nf3 d6 3. Bb5+ Bd7 4. Bxd7+ Qxd7 5. O-O Nc6 6. d4 cxd4 7. Nxd4 Nf6 8. Nc3 g6 9. Re1 Bg7 10. Nf3 O-O 11. h3 Rac8 12. Bg5 Rfd8 13. Qd2 Na5 14.
Rad1 Nc4 15. Qc1 Qe8 16. b3 Nb6 17. Nd5 Nbxd5 18. exd5 b5 19. Re2 Qd7 20. c4 bxc4 21. bxc4 Rc5 22. Be3 Rc7 23. Rc2 Rdc8 24. Bd4 Qa4 25.
c5 dxc5 26. Be5 Rd7 27. Rc4 Qa5 28. Qa1 Rcd8 29. d6 Ne8 30. Bxg7 Nxg7 31. Re4 Nf5 32.
Rde1 Rxd6 33. g4 Nd4 34. Nxd4 cxd4 35. Rxe7 d3 36. Re8+ Rxe8 37. Rxe8# 1-0

[Event "Early-Titled-Tuesday-Blitz-May-28-2024"]
[Site "Chess.com"]
[Date "2024.05.28"]
[Round "9"]
[White "Kumi29"]
[Black "topce"]
[Result "1-0"]
[WhiteElo "2571"]
[BlackElo "2405"]
[TimeControl "180+1"]
[EndTime "9:46:18 PDT"]
[Termination "Kumi29 won on time"]

1. d4 Nf6 2. Bg5 d5 3. Bxf6 exf6 4. e3 Be6 5. Bd3 f5 6. Nd2 Bb4 7. a3 Bd6 8. c4 dxc4 9. Nxc4 O-O 10. Nf3 Bxc4 11. Bxc4 Nd7 12. O-O c6 13. Rc1 g6 14.
Qb3 Rb8 15. Rfd1 Qe7 16. d5 c5 17. a4 a6 18. a5 b5 19. axb6 Rxb6 20. Qa2 Rfb8 21.
b3 Ne5 22. Nxe5 Qxe5 23. g3 h5 24. h4 Qf6 25. Qe2 a5 26. Ra1 Ra8 27. Ra2 Rb4 28.
Rda1 Bc7 29. Qf3 Qd6 30. e4 fxe4 31. Qxe4 Kg7 32. Re1 a4 33. Rea1 a3 34. Rxa3 Rxa3 35. Rxa3 Rb8 36. Ra6 Qd8 37. d6 Bb6 38. Qd5 Qd7 39.
Kg2 1-0

[Event "Early-Titled-Tuesday-Blitz-May-28-2024"]
[Site "Chess.com"]
[Date "2024.05.28"]
[Round "9"]
[White "AnaKuchava"]
[Black "frenchpin"]
[Result "0-1"]
[WhiteElo "2201"]
[BlackElo "2393"]
[TimeControl "180+1"]
[EndTime "9:46:18 PDT"]
[Termination "frenchpin won by resignation"]

1. d4 Nf6 2. Nf3 b6 3. c4 Bb7 4. a3 e6 5. Nc3 Be7 6. d5 b5 7. dxe6 b4 8. exf7+ Kxf7 9. axb4 Bxb4 10. Qb3 Nc6 11.
Ng5+ Kf8 12. c5 Qe7 13. Bf4 Nd4 14. Qd1 Qxc5 15. e3 Bxc3+ 16. bxc3 Qxc3+ 17. Qd2 Qxa1+ 18. Qd1 Qxd1+ 19. Kxd1 Ne6 20. Nxe6+ dxe6 21. Bc4 Ke7 22. Bb3 Bd5 23. Bc2 Be4 24. Bxe4 Nxe4 25. Ke2 Rhd8 26.
Bxc7 Rd2+ 27. Kf3 Nc5 28. Rc1 Rf8+ 29. Kg3 Ne4+ 30. Kh3 Rfxf2 31. Be5 Ng5+ 32. Kg3 Rxg2+ 0-1

[Event "Early-Titled-Tuesday-Blitz-May-28-2024"]
[Site "Chess.com"]
[Date "2024.05.28"]
[Round "9"]
[White "maracayo"]
[Black "Viacheslav92"]
[Result "1-0"]
[WhiteElo "2404"]
[BlackElo "2515"]
[TimeControl "180+1"]
[EndTime "9:46:19 PDT"]
[Termination "maracayo won by resignation"]

1. e4 e5 2. Nf3 Nc6 3. Bb5 a6 4. Ba4 Nf6 5. O-O Be7 6. Re1 b5 7. Bb3 d6 8. c3 O-O 9. h3 Na5 10. Bc2 c5 11. d4 cxd4 12. cxd4 Qc7 13. Nbd2 Nc6 14. Nf1 Be6 15. d5 Nb4 16. Bb1 Nbxd5 17. exd5 Bxd5 18. Ne3 Bb7 19. Nf5 Rfe8 20. Nxe7+ Rxe7 21.
Bg5 Ree8 22. Bxf6 gxf6 23. Nh4 Kh8 24. Nf5 Rg8 25. Be4 d5 26. Bxd5 Rad8 27. Ne3 Bxd5 28.
Nxd5 Qb7 29. Qf3 Qxd5 30. Qxf6+ Rg7 31. g3 Re8 32. Rad1 Qc5 33. Rd8 Rxd8 34. Qxd8+ Rg8 35.
Qf6+ Rg7 36. Rxe5 Qc1+ 37. Kh2 h6 38. Re8+ Kh7 39. Qf5+ Rg6 40. Qxf7+ Rg7 41. Qf5+ Rg6 42. Re7+ 1-0

[Event "Early-Titled-Tuesday-Blitz-May-28-2024"]
[Site "Chess.com"]
[Date "2024.05.28"]
[Round "9"]
[White "martinmena"]
[Black "carloseduar100"]
[Result "0-1"]
[WhiteElo "2131"]
[BlackElo "2304"]
[TimeControl "180+1"]
[EndTime "9:46:20 PDT"]
[Termination "carloseduar100 won on time"]

1. c4 e6 2. g3 d5 3. Bg2 dxc4 4. Qa4+ Bd7 5. Qxc4 Bc6 6. Nf3 Nf6 7. O-O Nbd7 8.
d4 Be7 9. Bg5 h6 10. Bf4 Nd5 11. Bd2 h5 12. h4 N5f6 13. Bg5 Ng4 14. Bxe7 Qxe7 15. Nc3 O-O-O 16. e4 Nb6 17. Qe2 Qf6 18. Rfd1 Kb8 19. b4 e5 20. d5 Bd7 21. a4 Qd6 22. Rdb1 f5 23. Nd2 f4 24. a5 fxg3 25. axb6 gxf2+ 26.
Kh1 cxb6 27. Nc4 Qf6 28. Qf3 Qxh4+ 29. Qh3 f1=Q+ 30. Rxf1 Nf2+ 31. Rxf2 Bxh3 32. Rfa2 Bxg2+ 33. Kxg2 Qg4+ 34. Kh1 Rhf8 35. d6 Rf3 36. Rd2 Rh3+ 37. Rh2 Rxc3 0-1

[Event "Early-Titled-Tuesday-Blitz-May-28-2024"]
[Site "Chess.com"]
[Date "2024.05.28"]
[Round "9"]
[White "yobdc"]
[Black "ManMish2"]
[Result "1-0"]
[WhiteElo "2541"]
[BlackElo "2675"]
[TimeControl "180+1"]
[EndTime "9:46:21 PDT"]
[Termination "yobdc won by resignation"]

1. e4 e5 2. Nf3 Nc6 3. Bc4 Nf6 4. d3 Bc5 5. c3 d6 6. Bb3 a6 7. Nbd2 O-O 8. h3 Be6 9. Bxe6 fxe6 10. b4 Ba7 11.
O-O Qe8 12. a4 Nh5 13. Nc4 Ng3 14. Re1 Qh5 15. Be3 d5 16. Bxa7 Rxa7 17. Ncd2 d4 18. cxd4 Nxb4 19. Qb3 Qg6 20. fxg3 Nc6 21. Nxe5 Nxe5 22.
dxe5 Qxg3 23. Qxe6+ Kh8 24. Rf1 Raa8 25. Rxf8+ Rxf8 26. Rf1 Rg8 27. Nf3 h6 28. Qg4 Qxg4 29. hxg4 Rd8 30. d4 Kg8 31. e6 Rd6 32. d5 c6 33. Rd1 Kf8 34. Ne5 Ke7 35. a5 cxd5 36.
exd5 Kf6 37. Nc4 Rd8 38. Rf1+ Kg6 39. d6 1-0

[Event "Early-Titled-Tuesday-Blitz-May-28-2024"]
[Site "Chess.com"]
[Date "2024.05.28"]
[Round "9"]
[White "theoneandonlydaaevik"]
[Black "rhwr"]
[Result "1-0"]
[WhiteElo "2609"]
[BlackElo "2340"]
[TimeControl "180+1"]
[EndTime "9:46:21 PDT"]
[Termination "theoneandonlydaaevik won by resignation"]

1. Nf3 Nf6 2. g3 g6 3. b3 Bg7 4.
Bb2 O-O 5. Bg2 d6 6. d4 c6 7. O-O Nbd7 8. c4 Re8 9. Nc3 e5 10. dxe5 dxe5 11. Ng5 h6 12. Nge4 Nxe4 13. Nxe4 Nf6 14.
Nd6 Re7 15. c5 Ne8 16. Qd2 Be6 17. Rfd1 Nxd6 18. cxd6 Rd7 19. b4 Rc8 20. Rac1 f6 21. Qd3 Bf5 22. Qc4+ Kh7 23. e4 Rxd6 24. Rxd6 Qxd6 25.
exf5 gxf5 26. Bh3 Rd8 27. Bxf5+ Kh8 28. Qg4 Qf8 29. Qg6 Qg8 30. Re1 1-0

[Event "Early-Titled-Tuesday-Blitz-May-28-2024"]
[Site "Chess.com"]
[Date "2024.05.28"]
[Round "9"]
[White "aanshnerurkar"]
[Black "JanMur7"]
[Result "0-1"]
[WhiteElo "2447"]
[BlackElo "2284"]
[TimeControl "180+1"]
[EndTime "9:46:21 PDT"]
[Termination "JanMur7 won by resignation"]

1. e4 g6 2. d4 Bg7 3. Nc3 c5 4. dxc5 Bxc3+ 5. bxc3 Nf6 6. e5 Ne4 7. Qd4 Qa5 8. Ne2 Nxc5 9. e6 O-O 10. exd7 Bxd7 11.
h4 h5 12. Qb4 Nc6 13. Qxa5 Nxa5 14. Ba3 b6 15. O-O-O Be6 16. Nd4 Bxa2 17. Bxc5 bxc5 18. Nb5 Bc4 19. Bxc4 Nxc4 20. Rd7 e6 21. Nd6 Nxd6 22.
Rxd6 Rfd8 23. Rhd1 Rxd6 24. Rxd6 Rc8 25. c4 Rc7 26. Kb2 Kf8 27. Ra6 Ke7 28. Kc3 Kd7 29. f3 Kc8 30. g4 Kb7 31. Ra1 Rd7 32. gxh5 gxh5 33. Rg1 Rd4 34. Rg7 Rf4 35. Rh7 Rxf3+ 36.
Kb2 Rf5 0-1

[Event "Early-Titled-Tuesday-Blitz-May-28-2024"]
[Site "Chess.com"]
[Date "2024.05.28"]
[Round "9"]
[White "Fore_Man"]
[Black "AustinThomas12345"]
[Result "1-0"]
[WhiteElo "2220"]
[BlackElo "2507"]
[TimeControl "180+1"]
[EndTime "9:46:25 PDT"]
[Termination "Fore_Man won by resignation"]

1. Nf3 d5 2. c4 c6 3. d4 Nf6 4. e3 e6 5. Qc2 Bd6 6. b3 Nbd7 7. Nc3 O-O 8. Bd3 e5 9. cxd5 cxd5 10. dxe5 Nxe5 11.
Nxe5 Bxe5 12. O-O Bxh2+ 13. Kxh2 Ng4+ 14. Kg3 Qg5 15. f4 Qh5 16. Bd2 d4 17. Rh1 Nh2 18. Rxh2 Qg4+ 19. Kf2 g6 20. Ne4 f5 21. Bc4+ Kg7 22. Bc3 fxe4 23. Bxd4+ Rf6 24. Rxh7+ Kxh7 25. Bxf6 g5 26. Rh1+ Kg6 27. Bxg5 Bf5 28. Rh6+ Kg7 29. Qc3+ 1-0

[Event "Early-Titled-Tuesday-Blitz-May-28-2024"]
[Site "Chess.com"]
[Date "2024.05.28"]
[Round "9"]
[White "TigrVShlyape"]
[Black "Aswathchess"]
[Result "1-0"]
[WhiteElo "2918"]
[BlackElo "2738"]
[TimeControl "180+1"]
[EndTime "9:46:26 PDT"]
[Termination "TigrVShlyape won by resignation"]

1. e4 c5 2. Nf3 d6 3. d4 cxd4 4.
Nxd4 Nf6 5. Nc3 a6 6. a4 e5 7. Nf3 Be7 8. Bc4 Be6 9. Ba2 Nc6 10. O-O O-O 11. Bg5 Nb4 12. Bb3 Rc8 13. Qe2 Nh5 14. Be3 Bxb3 15. cxb3 Qa5 16. Rfd1 Nf6 17. Nd2 d5 18. exd5 Nbxd5 19. Nxd5 Qxd5 20. Nc4 Qe6 21. Bg5 Rc5 22. Bxf6 Bxf6 23. Rd6 Qe7 24. Rad1 Rc7 25. Qe4 g6 26. g3 Rfc8 27. a5 Bg7 28. h4 h5 29. Kg2 Qe8 30. Nb6 Rb8 31. Rd7 Rxd7 32. Rxd7 Qe6 33. Rxb7 Rxb7 34. Qxb7 Qxb3 35. Qxa6 e4 36.
Qa8+ Kh7 37. Qxe4 Qxb2 38. Qd5 Kg8 39. Nc4 Qa2 40. Ne3 Bf6 41. Qxa2 1-0